 Dungeon Crawl Stone Soup version 0.17-a0-1655-g88a8506 (webtiles) character file.

4281 kae the Merchant of Misery (level 10, -7/61 (63) HPs)
             Began as a Demonspawn Necromancer on Aug 15, 2015.
             Was a Believer of Kikubaaqudgha.
             Mangled by a troll (8 damage)
             ... on level 10 of the Dungeon.
             The game lasted 00:20:40 (9931 turns).

kae the Merchant of Misery (Demonspawn Necromancer) Turns: 9931, Time: 00:20:41

HP:   -7/61 (63)    AC:  4    Str:  8    XL:     10   Next: 10%
MP:   10/22         EV: 12    Int: 19    God:    Kikubaaqudgha [**....]
Gold: 97            SH:  0    Dex: 15    Spells: 7 memorised, 7 levels left

rFire  . . .     SeeInvis .     x - +1 glaive
rCold  + . .     Clarity  .     a - +0 robe
rNeg   . . .     SustAt   .     (no shield)
rPois  .         Gourm    .     (helmet restricted)
rElec  .         Spirit   .     (no cloak)
rCorr  .         Warding  .     (gloves unavailable)
rMut   .         Stasis   .     d - +1 pair of boots
MR     .....                    (no amulet)
Stlth  ++........               (no ring)
                                i - ring of protection from cold

@: not resistant to hostile enchantments, unstealthy
A: antennae 1, claws 3, talons 2, powered by death 2
a: Receive Corpses, Renounce Religion


You were on level 10 of the Dungeon.
You worshipped Kikubaaqudgha.
Kikubaaqudgha was pleased with you.
You were not hungry.

You visited 2 branches of the dungeon, and saw 11 of its levels.

You collected 97 gold pieces.

Inventory:

Hand weapons
 x - a +1 glaive (weapon)
Armour
 a - a +0 robe (worn)
 d - a +1 pair of boots (worn)
 r - a +1 pair of gloves
Jewellery
 i - a ring of protection from cold (left claw)
Magical devices
 y - a wand of polymorph (5)
 z - a wand of teleportation (6)
Scrolls
 e - 3 scrolls of enchant armour
 g - 2 scrolls of enchant weapon
 h - 2 scrolls of recharging
 j - 2 scrolls of magic mapping
 k - 2 scrolls of identify
 n - a scroll of acquirement {unknown}
 p - 4 scrolls of remove curse
 w - 2 scrolls of amnesia
Potions
 l - 2 potions of curing
 o - 2 potions of might {unknown}
 q - 2 potions of poison
 u - 2 potions of lignification
 A - a potion of agility
 C - a potion of magic
Books
 b - a book of Necromancy

   Spells                             Type                      Level
   a - Pain                           Necromancy                   1
   b - Animate Skeleton               Necromancy                   1
   c - Vampiric Draining              Necromancy                   3
   d - Regeneration                   Charms/Necromancy            3
   e - Animate Dead                   Necromancy                   4
   f - Control Undead                 Necromancy                   4
 m - a book of Clouds

   Spells                             Type                      Level
   a - Mephitic Cloud                 Conjuration/Poison/Air       3
   b - Conjure Flame                  Conjuration/Fire             3
   c - Poisonous Cloud                Conjuration/Poison/Air       6
   d - Freezing Cloud                 Conjuration/Ice/Air          6
   e - Ring of Flames                 Charms/Fire                  7
 D - Kikubaaqudgha's Catalogue of Sinister Rituals
   (Kikubaaqudgha gifted it to you on level 6 of the Dungeon)

   Spells                             Type                      Level
   a - Pain                           Necromancy                   1
   b - Corpse Rot                     Necromancy                   2
   c - Sublimation of Blood           Necromancy                   2
   d - Vampiric Draining              Necromancy                   3
   e - Control Undead                 Necromancy                   4
Comestibles
 c - 9 bread rations
 f - 3 royal jellies
 t - a meat ration


   Skills:
 - Level 1.7 Dodging
 - Level 1.7 Stealth
 + Level 8.1 Spellcasting
 * Level 13.3 Necromancy


You had 7 spell levels left.
You knew the following spells:

 Your Spells              Type           Power        Failure   Level  Hunger
a - Pain                  Necr           ####         1%          1    None
b - Animate Skeleton      Necr           N/A          1%          1    None
c - Vampiric Draining     Necr           ######....   1%          3    None
d - Animate Dead          Necr           N/A          1%          4    ###....
e - Regeneration          Chrm/Necr      ####......   1%          3    None
f - Control Undead        Necr           ######....   1%          4    ###....
g - Sublimation of Blood  Necr           ######....   1%          2    None


Dungeon Overview and Level Annotations

Branches:
Dungeon (10/15)            Temple (1/1) D:5
   Lair: D:8-11         Orc: D:9-12

Altars:
Ashenzari
Cheibriados
Dithmenos
Elyvilon
Fedhas
Gozag
Kikubaaqudgha
Makhleb
Nemelex Xobeh
Okawaru
Qazlal
Ru
Sif Muna
Trog
Vehumet
Xom
Yredelemnul
Zin
The Shining One

Shops:
D:10 :

Annotations:
D:8 Maurice


Innate Abilities, Weirdness & Mutations

You have a pair of small antennae on your head.
You have claws for hands.
You have razor-sharp toenails.
You regenerate health from kills.


Message History

Casting: Vampiric Draining
Confirm with . or Enter, or press ? or * to list all spells.
Aiming: Vampiric Draining
Press: ? - help, Shift-Dir - straight line, f/p - troll
Aim: a troll (moderately wounded)
The troll is severely wounded.
You feel life coursing into your body. The troll bites you!
The troll claws you! x2
* * * LOW HITPOINT WARNING * * *
Casting: Vampiric Draining
Confirm with . or Enter, or press ? or * to list all spells.
Aiming: Vampiric Draining
Press: ? - help, Shift-Dir - straight line, f/p - troll
Aim: a troll (severely wounded)
The troll is almost dead.
You feel life coursing into your body. The troll bites you!
* * * LOW HITPOINT WARNING * * *
The troll claws you!
You die...
Kikubaaqudgha rasps: "You have failed me!
Welcome... death!"

.. #........+. ...
#........## #
....#+########+##.....
#. ...#.....#<....#.....
#.....'.....'...........
#.....#....##...........
'.... #....#############
#.....#.....#
#.....T@(...#
#.....####### #####


You could see a troll.

Vanquished Creatures
  2 hippogriffs
  A wraith (D:7)
  A water moccasin (D:9)
  2 sky beasts
  4 ogres
  3 orc warriors
  4 necrophages
  2 phantoms
  An ice beast (D:9)
  A black bear (D:7)
  A crocodile (D:7)
  A gnoll sergeant (D:7)
  9 giant frogs
  A wyvern skeleton (D:10)
  A water moccasin skeleton (D:8)
  2 crimson imps
  A jelly (D:6)
  5 orc priests
  2 centaur skeletons
  4 human zombies (D:7)
  2 giant frog skeletons
  5 hounds
  6 worker ants
  Terence (D:3)
  6 orc wizards
  An iguana (D:9)
  A mummy (D:7)
  A worker ant zombie (D:9)
  9 adders
  8 gnolls
  A shadow imp (D:7)
  An ooze (D:4)
  An adder skeleton (D:4)
  4 giant geckos
  39 orcs
  6 bats
  3 giant cockroaches
  9 hobgoblins
  6 kobolds
  6 quokkas
  A giant cockroach zombie (D:4)
  6 giant newts
  9 goblins
  7 jackals
  A quokka skeleton (D:9)
  5 rats (D:1)
  A fungus (D:1)
194 creatures vanquished.

Vanquished Creatures (collateral kills)
  An ice beast (D:8)
  An orc warrior (D:6)
  An ogre (D:6)
  A necrophage (D:7)
  A wight (D:7)
  A crimson imp (D:6)
  2 jellies
  A giant frog skeleton (D:10)
  2 orc wizards
  An iguana (D:9)
  A hound skeleton (D:7)
  2 mummies (D:7)
  An adder (D:6)
  3 orcs (D:8)
19 creatures vanquished.

Grand Total: 213 creatures vanquished

Notes
Turn   | Place    | Note
--------------------------------------------------------------
     0 | D:1      | kae the Demonspawn Necromancer began the quest for the Orb.
     0 | D:1      | Reached XP level 1. HP: 13/13 MP: 3/3
   293 | D:1      | Gained mutation: You have sharp toenails. [demonic ancestry]
   293 | D:1      | Reached XP level 2. HP: 16/19 MP: 0/5
   664 | D:1      | Reached skill level 5 in Necromancy
  1186 | D:2      | Gained mutation: You have sharp fingernails. [demonic ancestry]
  1186 | D:2      | Reached XP level 3. HP: 16/24 MP: 0/6
  1681 | D:2      | Found a glowing silver altar of Zin.
  1699 | D:3      | Noticed Terence
  1703 | D:3      | Killed Terence
  1703 | D:3      | Gained mutation: You regenerate a little health from kills. [demonic ancestry]
  1703 | D:3      | Reached XP level 4. HP: 21/30 MP: 1/8
  1940 | D:3      | Reached skill level 6 in Necromancy
  2096 | D:3      | Gained mutation: You regenerate health from kills. [demonic ancestry]
  2096 | D:3      | Reached XP level 5. HP: 35/35 MP: 4/10
  2617 | D:4      | Noticed a phantom
  2731 | D:4      | Learned a level 1 spell: Animate Skeleton
  2735 | D:4      | Learned a level 3 spell: Vampiric Draining
  2740 | D:4      | Learned a level 4 spell: Animate Dead
  2821 | D:4      | Reached XP level 6. HP: 37/41 MP: 6/11
  2829 | D:4      | Reached skill level 7 in Necromancy
  2848 | D:4      | Noticed an ogre
  2880 | D:4      | Learned a level 3 spell: Regeneration
  2886 | D:4      | Killed an ogre
  3152 | D:4      | Killed a phantom
  3245 | D:5      | Entered Level 5 of the Dungeon
  3249 | D:5      | Reached skill level 8 in Necromancy
  3249 | D:5      | Gained mutation: You have a pair of small antennae on your head. [demonic ancestry]
  3249 | D:5      | Reached XP level 7. HP: 38/46 MP: 13/13
  3435 | D:5      | Found a staircase to the Ecumenical Temple.
  3482 | Temple   | Entered the Ecumenical Temple
  3561 | Temple   | Became a worshipper of Kikubaaqudgha
  4273 | D:6      | Reached skill level 5 in Spellcasting
  4327 | D:6      | Found a radiant altar of Vehumet.
  4328 | D:6      | Found a burning altar of Makhleb.
  4339 | D:6      | Reached skill level 9 in Necromancy
  4523 | D:6      | Gained mutation: You have razor-sharp toenails. [demonic ancestry]
  4523 | D:6      | Reached XP level 8. HP: 47/52 MP: 9/16
  4652 | D:6      | Acquired Kikubaaqudgha's first power
  4652 | D:6      | Received a gift from Kikubaaqudgha
  4683 | D:6      | Identified Kikubaaqudgha's Catalogue of Sinister Rituals (Kikubaaqudgha gifted it to you on level 6 of the Dungeon)
  4767 | D:6      | Reached skill level 10 in Necromancy
  5247 | D:7      | Learned a level 4 spell: Control Undead
  5250 | D:7      | Learned a level 2 spell: Sublimation of Blood
  5354 | D:7      | Found a sacrificial altar of Ru.
  5365 | D:7      | Reached skill level 11 in Necromancy
  5499 | D:7      | Gained mutation: You have very sharp fingernails. [demonic ancestry]
  5499 | D:7      | Reached XP level 9. HP: 35/57 MP: 10/18
  6233 | D:7      | Found a basalt altar of Yredelemnul.
  6459 | D:8      | Reached skill level 12 in Necromancy
  6659 | D:8      | Acquired Kikubaaqudgha's second power
  6752 | D:8      | Noticed Maurice
  8180 | D:9      | Reached skill level 13 in Necromancy
  8317 | D:9      | Found a deep blue altar of Sif Muna.
  8318 | D:9      | Found an opulent altar of Gozag.
  8831 | D:9      | Gained mutation: You have claws for hands. [demonic ancestry]
  8831 | D:9      | Reached XP level 10. HP: 13/61 MP: 9/21
  8991 | D:10     | Entered Level 10 of the Dungeon
  8991 | D:10     | Found Addoont's Book Shoppe.
  9931 | D:10     | HP: 1/61 [troll (8)]
  9931 | D:10     | Mangled by a troll

Vault maps used:
D:1:      minmay_arrival_doors, nrook_uturn, serial_bayou_pond_e,
          minmay_gold_behind_fungi
D:2:      overflow_temple_1_default
D:3:      uniq_terence
D:4:      first_bread
D:5:      minmay_temple_entry_statues_pillars
D:6:      grunt_temple_overflow_lords_of_destruction
D:7:      lemuel_mausoleum_altar_yredelemnul, nicolae_ru_sacrificial_ziggurat
D:8:      uniq_maurice
D:9:      gammafunk_temple_overflow_pools
D:10:     minmay_ornate_pinched, orc_0_dummy, serial_shops,
          nicolae_shop_crystal, special_room, uniq_nergalle
Temple:   circular_temple_12

Action                   |  1- 3 |  4- 6 |  7- 9 | 10-12 || total
-------------------------+-------+-------+-------+-------++-------
Melee: Short sword       |    18 |       |       |       ||    18
       Whip              |    13 |     6 |       |       ||    19
       Glaive            |       |    64 |   207 |    11 ||   282
 Cast: Pain              |    63 |    73 |   283 |    46 ||   465
       Vampiric Draining |       |     2 |     7 |    12 ||    21
       Regeneration      |       |     1 |     1 |       ||     2
       Animate Skeleton  |       |       |    17 |     3 ||    20
       Animate Dead      |       |       |    14 |     5 ||    19
       Control Undead    |       |       |     8 |     2 ||    10
  Use: Scroll            |       |     8 |     7 |       ||    15
 Stab: Sleeping          |     1 |     1 |     1 |     1 ||     4
  Eat: Chunk             |     2 |     5 |    12 |     1 ||    20
       Pizza             |       |       |     1 |       ||     1
       Beef jerky        |       |       |     2 |       ||     2
       Meat ration       |       |       |     1 |       ||     1
       Bread ration      |       |       |       |     1 ||     1
